 Dungeon Crawl Stone Soup version 0.28.0 (webtiles) character file.

Game seed: 13696885718277110835

555 crazypyro the Cleaver (level 7, -1/59 HPs)
             Began as a Minotaur Fighter on Feb 6, 2022.
             Killed from afar by an orc wizard (11 damage)
             ... with a puff of flame
             ... on level 4 of the Dungeon.
             The game lasted 00:02:48 (2777 turns).

crazypyro the Cleaver (Minotaur Fighter)            Turns: 2777, Time: 00:02:49

Health: -1/59      AC:  9    Str: 22    XL:     7   Next: 8%
Magic:  6/6        EV:  9    Int:  5    God:
Gold:   246        SH:  9    Dex: 10    Spells: 6/6 levels left

rFire   . . .      SeeInvis .   a - +0 war axe
rCold   . . .      Faith    .   c - +0 buckler
rNeg    + . .      Spirit   .   b - +0 scale mail
rPois   .          Reflect  +   (helmet restricted)
rElec   .          Harm     .   e - +1 cloak {Will+}
rCorr   .          Rampage  .   (no gloves)
Will    +....                   (no boots)
Stlth   ..........              l - amulet of reflection
HPRegen 0.19/turn               r - ring of positive energy
MPRegen 0.10/turn               (no ring)

@: no status effects
A: horns 2, retaliatory headbutt
a: no special abilities


You were on level 4 of the Dungeon.
You visited 1 branch of the dungeon, and saw 4 of its levels.

You collected 246 gold pieces.

Inventory:

Hand Weapons
 a - a +0 war axe (weapon)
 t - a +0 war axe
Armour
 b - a +0 scale mail (worn)
 c - a +0 buckler (worn)
 e - a +1 cloak of willpower (worn)
Jewellery
 l - an amulet of reflection (around neck)
 r - a ring of positive energy (left hand)
Scrolls
 f - a scroll of summoning {unknown}
 g - a scroll of magic mapping {unknown}
 i - a scroll of teleportation {unknown}
 m - 2 scrolls of fear {unknown}
 n - a scroll of brand weapon {unknown}
 o - a scroll of identify
 p - a scroll of immolation {unknown}
 q - a scroll of blinking {unknown}
Potions
 d - 2 potions of might
 h - a potion of lignification
 j - 3 potions of curing
 k - a potion of berserk rage {unknown}
 s - a potion of mutation {unknown}


   Skills:
 - Level 4.0 Fighting
 * Level 8.9 Axes
 - Level 4.0 Armour
 - Level 4.0 Shields


You had 6 spell levels left.
You didn't know any spells.
Your spell library contained the following spells:

 Spells                   Type           Power      Damage    Failure   Level
 Apportation              Tloc           0%         N/A       87%         1
 Gell's Gravitas          Tloc           0%         N/A       99%         3
 Lesser Beckoning         Tloc           0%         N/A       99%         3
 Teleport Other           Tloc           0%         N/A       99%         3
 Animate Dead             Necr           0%         N/A       100%        4
 Alistair's Intoxication  Tmut/Pois      0%         N/A       100%        5
 Iskenderun's Battlesphe  Conj           0%         2d6       100%        5
 Iron Shot                Conj/Erth      0%         9d1       100%        6
 Haunt                    Necr/Summ      0%         N/A       100%        7
 Spellforged Servitor     Conj/Summ      0%         N/A       100%        7
 Infestation              Necr           0%         N/A       100%        8


Dungeon Overview and Level Annotations

Branches:
Dungeon (4/15)
 Temple: D:4-7

Altars:

Shops:
D:2 !


Innate Abilities, Weirdness & Mutations

You have a pair of horns on your head.
You reflexively headbutt those who attack you in melee.


Message History

You hit the orc priest but do no damage.
The orc priest is heavily wounded.
You barely miss the orc warrior. You block the orc priest's attack.
The orc warrior barely misses you. Something hits you but does no damage.
The orc priest invokes the aid of Beogh against you.
Pain shoots through your body!
You hit the orc priest but do no damage.
The orc priest is heavily wounded.
You slash the orc warrior! You barely miss something.
You block the orc warrior's attack.
You hear some strange, mumbled words.
A puff of flame appears from out of thin air!
The puff of flame hits you!
The orc priest hits you with a +0 hand axe.
You hit the orc priest. Your headbutt misses the orc priest.
The orc priest is severely wounded.
You miss something. You barely miss the orc warrior.
The orc warrior hits you with a +0 trident.
Something hits you but does no damage. The orc priest misses you.
You are too injured to fight recklessly!
Unknown command.
You closely miss the orc priest. Your headbutt misses the orc priest.
The orc priest is severely wounded.
You barely miss the orc warrior. You hit something but do no damage.
The orc warrior closely misses you. Something hits you but does no damage.
You block the orc priest's attack.
You hit the orc priest.
The orc priest is severely wounded.
You closely miss the orc warrior. You hit something.
The orc warrior hits you with a +0 trident!!
* * * LOW HITPOINT WARNING * * *
Something hits you but does no damage. You block the orc priest's attack.
You closely miss the orc priest. Your headbutt misses the orc priest.
The orc priest is severely wounded.
You completely miss the orc warrior. You hit something.
You block the orc warrior's attack.
You hear some strange, mumbled words.
A puff of flame appears from out of thin air!
The puff of flame hits you!
You die...

###...#.....
........#.##
.......#...). ####
......#...... ....#
#........#.. ......
##..#....#.. ......#
###...#...[...
......o####......##.....
#...Jo@................
##...{..........)......
#...###...#..........[
#..# ##.............#
#..# ##..........<##
...# #...†).....## ..#
##.........### ..
##.......##.)
#...........


You could see an orc warrior, an orc priest and an endoplasm.

Vanquished Creatures
  Sigmund (D:3)
  A hound (D:4)
  2 jellies (D:2)
  2 orc priests (D:4)
  An iguana (D:4)
  3 orc wizards
  A hound skeleton (D:4)
  4 gnolls (D:2)
  An adder (D:3)
  A dart slug (D:1)
  9 orcs
  5 ball pythons
  9 endoplasms
  4 giant cockroaches
  2 hobgoblins
  5 jackals
  2 quokkas
  2 bats
  A frilled lizard (D:3)
  8 goblins
  15 kobolds
  4 rats
83 creatures vanquished.

Vanquished Creatures (others)
  A fungus (D:2)
  8 toadstools (D:2)
9 creatures vanquished.

Grand Total: 92 creatures vanquished

Notes
Turn   | Place    | Note
-------+----------+-------------------------------------------
     0 | D:1      | crazypyro the Minotaur Fighter began the quest for the Orb.
     0 | D:1      | Reached XP level 1. HP: 19/19 MP: 0/0
   208 | D:1      | Reached XP level 2. HP: 25/27 MP: 1/1
   846 | D:2      | Reached skill level 3 in Axes
   970 | D:2      | Reached XP level 3. HP: 27/33 MP: 2/2
  1077 | D:2      | Reached skill level 4 in Axes
  1079 | D:2      | Reached XP level 4. HP: 24/40 MP: 3/3
  1083 | D:2      | Reached skill level 5 in Axes
  1425 | D:2      | Found Lakid's Distillery.
  1480 | D:2      | Identified a scroll of acquirement
  1480 | D:2      | Acquired a +1 cloak of willpower
  1504 | D:2      | Reached XP level 5. HP: 22/46 MP: 4/4
  1863 | D:3      | Reached skill level 6 in Axes
  2075 | D:3      | Noticed Sigmund
  2081 | D:3      | Killed Sigmund
  2082 | D:3      | Reached skill level 7 in Axes
  2082 | D:3      | Reached XP level 6. HP: 49/52 MP: 5/5
  2426 | D:4      | Reached skill level 8 in Axes
  2677 | D:4      | Reached XP level 7. HP: 46/59 MP: 6/6
  2777 | D:4      | Killed from afar by an orc wizard

Illustrated notes

Levels and vault maps discovered:
D:1:      minmay_arrival_loop, layout_loops_ring, lemuel_flame_loot_1
D:2:      cheibrodos_fertilizer, layout_rooms, serial_shops, shop
D:3:      layout_rooms, serial_bayou_pond_e, kennysheep_cluttered_room,
          amcnicky_mini_pool_small, hangedman_abyss_or_decor_stabs, uniq_sigmund
D:4:      layout_layer_cave, uniq_blork_the_orc

Skill      XL: |  1  2  3  4  5  6 |
---------------+-------------------+-----
Fighting       | 4 |  4.0
Shields        | 4 |  4.0
Armour         | 4 |  4.0
Axes           | 3 4 5 7 8 |  8.9

Action                   |  1- 3 |  4- 6 |  7- 9 || total
-------------------------+-------+-------+-------++-------
Melee: War axe           |    51 |    95 |    14 ||   160
       Headbutt          |     4 |    17 |     2 ||    23
  Use: Scroll            |       |     3 |       ||     3
Armor: Scale mail        |    26 |    28 |     7 ||    61
Dodge: Dodged            |    25 |    20 |     5 ||    50
Block: Buckler           |    16 |    43 |     8 ||    67
